 Dungeon Crawl Stone Soup version 0.22-a0-558-gc224181 (webtiles) character file.

1187 nikopol the Magician (level 8, -4/42 HPs)
             Began as a Deep Elf Fire Elementalist on June 27, 2018.
             Slain by an orc
             ... wielding a +1 flail of holy wrath
              (10 damage)
             ... on level 5 of the Dungeon.
             The game lasted 00:12:43 (4850 turns).

nikopol the Magician (Deep Elf Fire Elementalist)   Turns: 4850, Time: 00:12:45

Health: -4/42      AC:  2    Str:  5    XL:     8   Next: 19%
Magic:  2/21       EV: 14    Int: 23    God:
Gold:   209        SH:  0    Dex: 15    Spells: 7/22 levels left

rFire    . . .     SeeInvis .   m - +1 dagger (venom)
rCold    . . .     Gourm    .   (no shield)
rNeg     . . .     Faith    .   a - +0 robe
rPois    .         Spirit   .   (no helmet)
rElec    .         Reflect  .   (no cloak)
rCorr    .         Harm     .   (no gloves)
MR       .....                  (no boots)
Stlth    +++.......             (no amulet)
HPRegen  0.14/turn              (no ring)
MPRegen  0.17/turn              (no ring)

@: very slightly contaminated
A: no striking features
a: no special abilities


You were on level 5 of the Dungeon.
You were very hungry.

You visited 1 branch of the dungeon, and saw 5 of its levels.

You collected 209 gold pieces.

Inventory:

Hand Weapons
 m - a +1 dagger of venom (weapon)
Armour
 a - a +0 robe (worn)
Jewellery
 k - a +2 ring of dexterity {unknown}
 o - an uncursed ring of ice {unknown}
Wands
 p - a wand of digging (17)
Scrolls
 b - 2 scrolls of magic mapping {unknown}
 d - 2 scrolls of blinking {unknown}
 e - 2 scrolls of amnesia {unknown}
 f - 5 scrolls of fear {unknown}
 g - 6 scrolls of identify {unknown}
 l - 6 scrolls of remove curse {unknown}
 q - 4 scrolls of teleportation {unknown}
 r - 2 scrolls of enchant weapon {unknown}
 t - a scroll of enchant armour {unknown}
 x - a scroll of fog {unknown}
Potions
 h - a potion of resistance {unknown}
 i - 3 potions of heal wounds {unknown}
 j - 2 potions of curing {unknown}
 n - 2 potions of magic {unknown}
 s - a potion of lignification {unknown}
 v - a potion of flight {unknown}
 w - 2 potions of degeneration {unknown}
 z - a potion of berserk rage {unknown}
Comestibles
 c - 5 rations


   Skills:
 + Level 0.6 Fighting
 + Level 3.4 Dodging
 + Level 3.9 Stealth
 + Level 7.9 Spellcasting
 + Level 4.5 Conjurations
 + Level 7.3 Fire Magic


You had 7 spell levels left.
You knew the following spells:

 Your Spells              Type           Power        Failure   Level  Hunger
a - Flame Tongue          Conj/Fire      #####        1%          1    None
b - Throw Flame           Conj/Fire      #####.       1%          2    None
c - Conjure Flame         Conj/Fire      #####...     1%          3    None
d - Sticky Flame          Conj/Fire      #####...     6%          4    ###....
e - Fireball              Conj/Fire      #####.....   17%         5    #####..

Your spell library contained the following spells:

 Spells                   Type           Power        Failure   Level  Hunger
 Inner Flame              Hex/Fire       ####....     4%          3    None


Dungeon Overview and Level Annotations

Branches:
Dungeon (5/15)
 Temple: D:4-7

Altars:
Ru
Yredelemnul


Message History

The orc priest hits you.
* * * LOW HITPOINT WARNING * * *
The orc priest misses you.
Casting: Flame Tongue (safe; 1% risk of failure)
Confirm with . or Enter, or press ? or * to list all spells.
Aiming: Flame Tongue (safe; 1% risk of failure)
Press: ? - help, Shift-Dir - straight line, f/p - orc priest
Aim: an orc priest, wearing a glowing leather armour (almost dead, poisoned)
The flame tongue hits the orc priest.
The orc priest resists.
You kill the orc priest!
An orc comes into view. It is wielding a flail of holy wrath.
Things that are here:
a club; a chain mail; an orc corpse The sky beast flickers out of sight!
Deactivating autopickup; reactivate with Ctrl-A.
The orc hits you with a flail of holy wrath!
* * * LOW HITPOINT WARNING * * *
There is a stone staircase leading up here.
The orc hits you with a flail of holy wrath!
You die...

## ### ... ...#
.%.########....
...............
.......@.......
(...)..o.......
...##..{.##....
. #....# ...
##+###....# ....
+.........##....
#...............
#...............
#......)........


You could see an orc.

Vanquished Creatures
  Grinder (D:4)
  Edmund (D:3)
  Purgy (D:4)
  2 ogres (D:4)
  A scorpion (D:4)
  A howler monkey (D:4)
  A hound (D:3)
  4 orc priests
  A centaur skeleton (D:5)
  3 orc wizards
  Ijyb (D:4)
  A worker ant (D:4)
  4 gnolls (D:4)
  6 adders
  A shadow imp (D:4)
  3 oozes
  3 worms
  8 dart slugs (D:3)
  4 leopard geckos
  9 orcs
  6 bats
  2 giant cockroaches
  9 goblins
  9 hobgoblins
  8 jackals
  2 quokkas (D:4)
  5 frilled lizards
  4 kobolds
  6 rats
107 creatures vanquished.

Notes
Turn   | Place    | Note
-------+----------+-------------------------------------------
     0 | D:1      | nikopol the Deep Elf Fire Elementalist began the quest for the Orb.
     0 | D:1      | Reached XP level 1. HP: 10/10 MP: 6/6
   228 | D:1      | Reached XP level 2. HP: 15/15 MP: 5/8
   453 | D:1      | Learned a level 2 spell: Throw Flame
   585 | D:1      | Reached XP level 3. HP: 19/19 MP: 6/9
   716 | D:2      | Learned a level 3 spell: Conjure Flame
  1349 | D:3      | Reached XP level 4. HP: 15/24 MP: 3/12
  1466 | D:3      | Learned a level 4 spell: Sticky Flame
  1988 | D:3      | Reached XP level 5. HP: 28/28 MP: 10/13
  2036 | D:3      | Found a basalt altar of Yredelemnul.
  2457 | D:4      | Reached skill level 5 in Fire Magic
  2776 | D:4      | Reached XP level 6. HP: 32/32 MP: 8/15
  2803 | D:4      | Found a sacrificial altar of Ru.
  2827 | D:4      | Reached skill level 5 in Spellcasting
  2961 | D:4      | Noticed Grinder
  2970 | D:4      | Killed Grinder
  3198 | D:4      | Noticed Purgy
  3208 | D:4      | Killed Purgy
  3208 | D:4      | Reached XP level 7. HP: 36/36 MP: 6/18
  3621 | D:4      | Noticed Ijyb
  3641 | D:4      | Killed Ijyb
  3778 | D:4      | Noticed Edmund
  3791 | D:3      | Killed Edmund
  3791 | D:3      | Reached XP level 8. HP: 10/41 MP: 9/21
  4701 | D:5      | Entered Level 5 of the Dungeon
  4817 | D:5      | Learned a level 5 spell: Fireball
  4850 | D:5      | Slain by an orc

Vault maps used:
D:1:      saegor_arrival_simple_e, roderic_serpentine_path,
          minmay_split_cup_large
D:2:      first_ration
D:3:      kennysheep_slugbush, yredelemnul_altar_generic, minivault_24
D:4:      nicolae_ru_awakened_eye, serial_bayou_pond_d, uniq_grinder,
          uniq_purgy, uniq_ijyb, uniq_edmund
D:5:      minmay_temple_entry_large_hall

Skill      XL: |  1  2  3  4  5  6  7  8 |
---------------+-------------------------+-----
Stealth        | 3 |  3.9
Fire Magic     | 4 5 6 7 |  7.3
Spellcasting   | 4 6 7 |  7.9
Conjurations   | 3 4 |  4.5
Dodging        | 3 |  3.4
Fighting       | |  0.6

Action                   |  1- 3 |  4- 6 |  7- 9 || total
-------------------------+-------+-------+-------++-------
Melee: Dagger            |       |       |     1 ||     1
 Cast: Flame Tongue      |    58 |    76 |    68 ||   202
       Throw Flame       |       |    15 |     3 ||    18
       Sticky Flame      |       |     2 |     4 ||     6
       Conjure Flame     |       |     1 |     4 ||     5
       Fireball          |       |       |     1 ||     1
  Eat: Chunk             |     1 |     7 |     4 ||    12
Armor: Robe              |     5 |     1 |     1 ||     7
Dodge: Dodged            |    14 |    19 |    10 ||    43

Table legend:
 A = Spawn XP
 B = Non-spawn XP
 C = Spawn XP percentage of total XP
 D = Spawn monster count
 E = Non-spawn monster count
 F = Spawn count percentage of total count
 G = Total turns spent on level
                    A         B        C        D         E        F      G
               +---------+---------+-------+---------+---------+-------+---------
         Total |       0 |    1696 |   0.0 |       0 |     107 |   0.0 |  4850
               +---------+---------+-------+---------+---------+-------+---------
           D:1 |       0 |      45 |   0.0 |       0 |      24 |   0.0 |   697
           D:2 |       0 |      25 |   0.0 |       0 |       9 |   0.0 |   601
           D:3 |       0 |     321 |   0.0 |       0 |      32 |   0.0 |  1725
           D:4 |       0 |    1123 |   0.0 |       0 |      35 |   0.0 |  1714
           D:5 |       0 |     182 |   0.0 |       0 |       7 |   0.0 |   113
               +---------+---------+-------+---------+---------+-------+---------
